 Dungeon Sprint DCSS version 0.18.1-8-gdd0e5ea (webtiles) character file.

2748 Hipnos the Imperceptible (level 9, -15/63 HPs)
             Began as a Vampire Enchanter on May 21, 2016.
             Was an Elder of Jiyva.
             Demolished by a deep elf knight
             ... wielding a +0 long sword
              (25 damage)
             ... in the Dungeon (Sprint III: "The Ten Rune Challenge").
             The game lasted 00:07:47 (886 turns).

Hipnos the Imperceptible (Vampire Enchanter)         Turns: 886, Time: 00:07:48

Health: -15/63     AC:  4    Str:  7    XL:     9   Next: 41%
Magic:  14/17      EV: 16    Int: 19    God:    Jiyva [****..]
Gold:   1940       SH:  0    Dex: 16    Spells: 4 memorised, 10 levels left

rFire  . . .     SeeInvis +     v - +2 dagger (venom)
rCold  . . .     Gourm    .     b - +1 robe
rNeg   . . .     Faith    .     (no shield)
rPois  .         Spirit   .     (no helmet)
rElec  .         Dismiss  .     (no cloak)
rCorr  +         Reflect  .     (no gloves)
SustAt .         Harm     .     (no boots)
MR     .....     NoTele   +     (no amulet)
Stlth  +++++++++.               (no ring)
                                (no ring)

@: very slightly contaminated, regenerating quickly, not resistant to hostile
enchantments, incredibly stealthy
A: fangs 3, icy blue scales 1, see invisible, unbreathing
a: Request Jelly, Jelly Paralyse, Slimify, Renounce Religion


You were in the Dungeon.
You worshipped Jiyva.
Jiyva was greatly pleased with you.
You were full.

You visited 1 branch You collected 1940 gold pieces.

Inventory:

Hand Weapons
 a - a +1 dagger
 v - a +2 dagger of venom (weapon)
Armour
 b - a +1 robe (worn)
 w - a cursed -1 robe
Wands
 f - a wand of teleportation (4/9)
Scrolls
 j - a scroll of blinking
 l - a scroll of torment {unknown}
 m - 2 scrolls of identify
 n - 2 scrolls of remove curse
 q - a scroll of holy word {unknown}
 r - a scroll of recharging {unknown}
 s - a scroll of enchant weapon {unknown}
Potions
 d - a potion of blood
 e - a potion of curing
 g - a potion of haste
 h - a potion of magic
 i - a potion of berserk rage
 k - 2 potions of mutation {unknown}
 o - a potion of resistance {unknown}
 p - 3 potions of flight
 t - 2 potions of cure mutation
Books
 c - a book of Maledictions

   Spells                             Type                      Level
   a - Corona                         Hexes                        1
   b - Ensorcelled Hibernation        Hexes/Ice                    2
   c - Confuse                        Hexes                        3
   d - Tukima's Dance                 Hexes                        3
   e - Dazzling Spray                 Conjuration/Hexes            3
 u - a book of Alchemy

   Spells                             Type                      Level
   a - Sublimation of Blood           Necromancy                   2
   b - Ignite Poison                  Fire/Transmutation/Poison    3
   c - Petrify                        Transmutation/Earth          4
   d - Alistair's Intoxication        Transmutation/Poison         5
   e - Irradiate                      Conjuration/Transmutation    5


   Skills:
 + Level 3.1 Fighting
 + Level 3.4 Short Blades
 + Level 6.8 Dodging
 * Level 21.8 Stealth
 + Level 5.9 Spellcasting
 * Level 15.5 Hexes
 + Level 3.6 Ice Magic


You had 10 spell levels left.
You knew the following spells:

 Your Spells              Type           Power        Failure   Level  Hunger
a - Corona                Hex            ######.      1%          1    None
b - Ensorcelled Hibernat  Hex/Ice        #####.       1%          2    None
c - Confuse               Hex            ######..     1%          3    ##.....
d - Dazzling Spray        Conj/Hex       #####...     1%          3    ##.....


Dungeon Overview and Level Annotations

Branches:
Dungeon (1/1)

Altars:
Cheibriados
Dithmenos
Elyvilon
Fedhas
Gozag
Kikubaaqudgha
Makhleb
Nemelex Xobeh
Okawaru
Pakellas
Qazlal
Ru
Sif Muna
Trog
Vehumet
Xom
Yredelemnul
Zin
The Shining One
Jiyva
Lugonu

Shops:
D ?


Innate Abilities, Weirdness & Mutations

Your natural rate of healing is unusually fast.
You have razor-sharp teeth.
You have supernaturally acute eyesight.
You can survive without breathing.
You are partially covered in icy blue scales (AC +1).


Message History

Okay, then.
Okay, then.
An earth elemental comes into view.
There is an open door here.
The helpless earth elemental fails to defend itself.
You skewer the earth elemental like a kebab!!!!
You destroy the earth elemental!
As you open the door, it creaks loudly!
You hear a shout! x3 2 centaurs and a centaur warrior come into view.
The deep elf knight casts a spell at you.
The stone arrow hits you!
* * * LOW HITPOINT WARNING * * *
There is an open door here.
Read which item? (? for menu, Esc to quit)
Blink to where?
Press: ? - help, Dir - move target cursor, p - deep elf knight You are very lightly contaminated with residual magic.
As you read the scroll of blinking, it crumbles to dust.
The deep elf knight hits you with a long sword!!
You die...

'#'###'##........###.#...≈≈
.....)..#........# .#eee##
........#[.#.∩.### .'ee.#
.######'#)##..#.# ######
.#J_#...#'#############
.#__#...#)§§§§'.#.§...+
##v_#...#.#§§§#.#.#c..#
[#__#.....#§§.#.#e#cc.#
_#__'...#.#.§.#.@.#...#
▓▓▓▓▓▓▓▓▓▓▓▓▓▓▓▓▓▓▓▓▓▓#


You could see a deep elf knight.

Vanquished Creatures
  Erica (D)
  An orc sorcerer (D)
  A deep elf mage (D)
  A shadow (D)
  4 orc warriors (D)
  A necrophage (D)
  An earth elemental (D)
  A water elemental (D)
  A jelly (D)
  Crazy Yiuf (D)
  3 orc priests (D)
  3 orc wizards (D)
  A necromancer (D)
  A wizard (D)
  3 humans (D)
  A kobold demonologist (D)
  7 orcs (D)
  4 rats (D)
36 creatures vanquished.

Vanquished Creatures (others)
  2 draconian scorchers (D)
  A yaktaur (D)
  5 jellies (D)
  A plant (D)
9 creatures vanquished.

Grand Total: 45 creatures vanquished

Notes
Turn   | Place    | Note
--------------------------------------------------------------
     0 | D        | Hipnos the Vampire Enchanter began the quest for the Orb.
     0 | D        | Reached XP level 1. HP: 13/13 MP: 3/3
    14 | D        | Reached skill level 5 in Stealth
    14 | D        | Reached skill level 5 in Hexes
    25 | D        | Killed a yaktaur
    50 | D        | Reached skill level 7 in Stealth
    50 | D        | Reached XP level 2. HP: 9/19 MP: 5/5
    55 | D        | Learned a level 2 spell: Ensorcelled Hibernation
    97 | D        | Noticed Crazy Yiuf
   104 | D        | Killed Crazy Yiuf
   104 | D        | Reached skill level 8 in Stealth
   104 | D        | Reached XP level 3. HP: 24/25 MP: 3/6
   145 | D        | Noticed a water elemental
   150 | D        | Killed a water elemental
   150 | D        | Reached skill level 10 in Stealth
   150 | D        | Reached XP level 4. HP: 19/31 MP: 6/8
   212 | D        | Found an iron altar of Okawaru.
   212 | D        | Found a bloodstained altar of Trog.
   212 | D        | Noticed a human
   213 | D        | Noticed a human
   215 | D        | Killed a human
   215 | D        | Reached skill level 1 in Fighting
   215 | D        | Reached skill level 13 in Stealth
   215 | D        | Reached XP level 5. HP: 37/37 MP: 8/10
   237 | D        | Killed a human
   237 | D        | Reached skill level 14 in Stealth
   237 | D        | Reached XP level 6. HP: 42/43 MP: 6/11
   267 | D        | Killed a white draconian scorcher
   271 | D        | Found a basalt altar of Yredelemnul.
   271 | D        | Found a snail-covered altar of Cheibriados.
   271 | D        | Found a blossoming altar of Fedhas.
   278 | D        | Reached skill level 15 in Stealth
   280 | D        | Killed a white draconian scorcher
   327 | D        | Learned a level 3 spell: Confuse
   331 | D        | Learned a level 3 spell: Dazzling Spray
   556 | D        | Found a glowing silver altar of Zin.
   556 | D        | Found a glowing golden altar of the Shining One.
   556 | D        | Found a white marble altar of Elyvilon.
   559 | D        | Noticed a deep elf mage
   561 | D        | Killed a deep elf mage
   561 | D        | Reached skill level 17 in Stealth
   561 | D        | Reached skill level 1 in Ice Magic
   561 | D        | Reached XP level 7. HP: 49/49 MP: 13/13
   572 | D        | Found a radiant altar of Vehumet.
   572 | D        | Found a deep blue altar of Sif Muna.
   572 | D        | Found an ancient bone altar of Kikubaaqudgha.
   597 | D        | Noticed a shadow
   603 | D        | Reached skill level 18 in Stealth
   606 | D        | Killed a shadow
   606 | D        | Reached skill level 5 in Dodging
   606 | D        | Reached XP level 8. HP: 55/55 MP: 10/15
   609 | D        | Found an oddly glowing altar of Pakellas.
   609 | D        | Found a stormy altar of Qazlal.
   609 | D        | Found a sacrificial altar of Ru.
   609 | D        | Found a burning altar of Makhleb.
   609 | D        | Found a shimmering altar of Xom.
   610 | D        | Found a viscous altar of Jiyva.
   610 | D        | Found a shadowy altar of Dithmenos.
   610 | D        | Found a sparkling altar of Nemelex Xobeh.
   610 | D        | Found a corrupted altar of Lugonu.
   610 | D        | Found an opulent altar of Gozag.
   623 | D        | Became a worshipper of Jiyva Jogez the Shapeless
   625 | D        | Reached * piety under Jiyva
   651 | D        | Noticed Erica
   653 | D        | Killed Erica
   653 | D        | Reached skill level 20 in Stealth
   653 | D        | Reached skill level 5 in Spellcasting
   658 | D        | Reached ** piety under Jiyva
   711 | D        | Reached *** piety under Jiyva
   716 | D        | Reached skill level 21 in Stealth
   716 | D        | Reached XP level 9. HP: 29/61 MP: 3/16
   717 | D        | Noticed an orc sorcerer
   739 | D        | Killed an orc sorcerer
   739 | D        | Reached skill level 15 in Hexes
   765 | D        | Found Xiostiv's Magic Scroll Shoppe.
   847 | D        | Reached **** piety under Jiyva
   847 | D        | Gained mutation: You are partially covered in icy blue scales (AC +1). [Jiyva's grace]
   853 | D        | Noticed a deep elf knight
   853 | D        | Noticed a deep elf mage
   853 | D        | Noticed a deep elf knight
   853 | D        | Noticed a deep elf knight
   853 | D        | Noticed a deep elf mage
   885 | D        | Noticed a centaur warrior
   886 | D        | Demolished by a deep elf knight

Skill      XL: |  1  2  3  4  5  6  7  8  9 |
---------------+----------------------------+-----
Stealth        | 7 8 10 13 14 17 18 21 | 21.8
Hexes          | 6 7 9 11 12 13 14 15 | 15.5
Fighting       | 1 2 3 |  3.1
Dodging        | 3 4 5 6 |  6.8
Spellcasting   | 3 4 5 |  5.9
Short Blades   | 2 3 |  3.4
Ice Magic      | 1 2 3 |  3.6

Action                   |  1- 3 |  4- 6 |  7- 9 || total
-------------------------+-------+-------+-------++-------
Melee: Dagger            |    13 |    16 |    54 ||    83
       Bite              |     2 |     1 |     6 ||     9
 Cast: Ensorcelled Hiber |     1 |     4 |    19 ||    24
       Confuse           |       |       |     1 ||     1
Invok: Request Jelly     |       |       |     1 ||     1
  Use: Potion            |     1 |     2 |     2 ||     5
       Scroll            |       |       |     1 ||     1
 Stab: Sleeping          |     6 |     4 |    14 ||    24
       Confused          |       |       |     1 ||     1
  Eat: Corpse            |     3 |     1 |     1 ||     5
Armor: Robe              |     1 |     2 |     4 ||     7
Dodge: Dodged            |     4 |     9 |    39 ||    52
